[Event "CCT Airthings Masters Play-In 2023"]
[Site "Online"]
[Date "2023.02.03"]
[Round "5"]
[White "NikoTheodorou"]
[Black "Nakamura, Hikaru"]
[Result "1/2-1/2"]
[ECO "E11"]
[WhiteElo "2675"]
[BlackElo "2768"]
[Annotator "TA"]
[PlyCount "112"]
[EventDate "2023.02.03"]
[EventType "swiss"]
[EventCountry "NET"]
[SourceTitle "playchess.com"]
[Source "ChessBase"]
[SourceQuality "1"]
[TimeControl "600+2"]

1. d4 Nf6 2. c4 e6 3. Nf3 Bb4+ 4. Bd2 c5 5. Bxb4 cxb4 6. e3 b6 7. Nbd2 {[%emt 0:00:00] E11: Bogo-Indian.} a5 8. Bd3 d6 9. O-O Bb7 {[%emt 0:00:01] [#]} 10. Qb1 $146 ({Predecessor:} 10. Qe2 O-O 11. e4 Nfd7 12. Ne1 Nc6 13. Nc2 Qf6 14. Qe3 e5 15. d5 Ncb8 16. Be2 {½-½ Pesout,J (2245)-Vacek,M (2324) CZE-chT1W 0708 2007 (4.2)}) 10... Qe7 11. a3 Na6 12. Ne4 Nxe4 13. Bxe4 Bxe4 14. Qxe4 O-O 15. Rfc1 Rac8 16. h4 h6 17. h5 Rfe8 18. Rc2 b3 19. Rc3 a4 $1 20. Rac1 Rc7 21. Qd3 {[%emt 0:00:15][%cal Oc4c5] Strongly threatening c5!} Nb8 {[%emt 0:00:02] [#]} 22. c5 $1 $36 {[%emt 0:00:21][%mdl 2048] White has the initiative.} bxc5 23. dxc5 dxc5 24. Rc4 (24. Qc4 $5 ) 24... Rd8 25. Qc3 Rdc8 26. Rg4 f6 (26... e5 $14) 27. Qc4 {[%emt 0:00:31] White is more active.} (27. Rxa4 $16 c4 28. Nd2) 27... Qf7 (27... Nd7 $11 {deserves consideration.}) 28. Qxa4 $14 Qxh5 29. Rgc4 Rb7 30. Nd4 (30. R4c3 $5) 30... Nd7 (30... Qd5 $1 $11) 31. Qa6 Rcb8 32. Nxe6 (32. Qxe6+ $14 Qf7 33. Qxf7+ Kxf7 34. Nf3) 32... Rb6 33. Qa7 Rd6 34. Nf4 Rd1+ 35. Rxd1 Qxd1+ 36. Kh2 {[%emt 0:00:00] Rc3 is the strong threat.} Qd6 (36... g5 $11 37. Nh3 Qd5) 37. Kg1 $2 (37. Rc3 $1 $16 {[%cal Rc3d3] And now Rd3 would win.} Qc6 38. Rd3) 37... Qd1+ (37... g5 $19 38. Nh3 Rd8) 38. Kh2 $11 Qd6 {[%emt 0:00:00] [#]} (38... g5 $11 {remains equal.} 39. Nh3 Qd5) 39. Kg1 $2 (39. Rc3 $1 $16 {[%cal Rc3d3] is necessary to keep the advantage. Black must now prevent Rd3.} Qc6 40. Rd3) 39... Qc6 $2 ({Black should try} 39... g5 $19 40. Nh3 Rd8) 40. Qa5 Rc8 41. Nd3 Kh8 42. Qc3 Qd6 43. Qxb3 Nb6 {[%emt 0:00:01] [#]} 44. Rc1 {[%emt 0:00:00] aiming for Qc2.} c4 45. Qb4 Qxd3 46. Qxb6 $16 {[%emt 0:00:01][%mdl 4096] Endgame KQR-KQR} Qd2 47. Rc3 (47. Ra1 $16) 47... Qd1+ 48. Kh2 Qh5+ 49. Kg1 Rc5 $2 (49... Qd1+ $11 50. Kh2 Qh5+ 51. Kg1 Qd1+) 50. Rc1 ({Only move:} 50. Qd8+ $18 Kh7 51. Qd4) 50... Rd5 $1 $14 51. Qe6 {[%emt 0:00:06][%cal Og2g4] The position is equal.} (51. Rxc4 $2 Rd1#) 51... Rd1+ 52. Rxd1 Qxd1+ 53. Kh2 Qh5+ 54. Kg1 {[%emt 0:00:04] Hoping for Qc8+.} Qd1+ 55. Kh2 {[%emt 0:00:00] Threatens to win with Qe8+.} Qh5+ 56. Kg1 {[%emt 0:00:05] Qc8+ would be deadly.} Qd1+ {[%emt 0:00:00] Weighted Error Value: White=0.30/Black=0.25 (precise)} 1/2-1/2

[Event "CCT Airthings Masters Play-In 2023"]
[Site "Online"]
[Date "2023.02.03"]
[Round "5"]
[White "LiemLe"]
[Black "Alexandr_Predke"]
[Result "1-0"]
[ECO "A46"]
[WhiteElo "2674"]
[BlackElo "2595"]
[Annotator "TA"]
[PlyCount "61"]
[EventDate "2023.02.03"]
[EventType "swiss"]
[EventCountry "NET"]
[SourceTitle "playchess.com"]
[Source "ChessBase"]
[SourceQuality "1"]
[TimeControl "600+2"]

1. d4 Nf6 2. Nf3 e6 3. Bf4 c5 4. e3 Nc6 5. Nbd2 h6 6. h3 {[%emt 0:00:10] A46: 1 d4 Nf6 2 Nf3 e6: Torre, London and Colle Systems.} d5 7. Bb5 {[%emt 0:00:15] [#]} Qb6 $146 ({Predecessor:} 7... Bd7 8. O-O Qb6 9. c4 Be7 10. dxc5 Bxc5 11. Rc1 O-O 12. Nb3 Be7 13. Qe2 a6 14. Bxc6 bxc6 {0-1 Le,Q (2709)-Ponkratov,P (2628) Speed Chess Super Swiss blitz 2020 (4)}) 8. c4 {[%emt 0:00:02] The position is equal.} dxc4 (8... cxd4 $11 9. exd4 (9. Nxd4 Bd7 $11) 9... Bd7) 9. a4 $16 (9. Bxc4 $6 cxd4 10. exd4 Be7 $11) 9... cxd4 10. O-O Bd7 (10... dxe3 $142 11. Nxc4 (11. Bxe3 Qc7 $11) 11... Qd8) 11. Nxc4 (11. Bxc4 dxe3 12. Bxe3 Bc5 13. Bxc5 Qxc5 $15) 11... Qd8 12. Nxd4 (12. exd4 $6 a6 13. Bxc6 Bxc6 $11) 12... Nd5 13. Bg3 Be7 14. Bxc6 Bxc6 {[%emt 0:00:09] [#]} 15. Nxc6 (15. Ne5 $142 $1 {[%cal Od4e6] Black must now prevent Nxe6!} O-O 16. Nexc6 (16. Ndxc6 bxc6 17. Nxc6 Qb6 $16) 16... bxc6 17. Nxc6) 15... bxc6 16. e4 Nb6 (16... Nf6 $16) 17. Ne5 $18 Rc8 $2 (17... Qxd1 18. Rfxd1 Bf6 19. Nxc6 Nc4) 18. Qf3 (18. Qb3 $142) 18... O-O 19. Rfd1 Qe8 20. a5 f6 21. Ng4 (21. axb6 $18 fxe5 22. Qg4) 21... Nd7 $16 22. Qb3 {[%emt 0:00:01] White is much more active.} Nc5 23. Qc4 $36 {[%emt 0:00:03][%mdl 2048] White is on the roll.} Qg6 $2 {[%emt 0:00:16] [#] A mistake that costs the game.} (23... Qf7 $16) 24. b4 $1 $18 Nxe4 (24... Qxe4 $2 25. Rd4 Qg6 26. bxc5 $18) 25. Qxe6+ Qf7 26. Qxe4 f5 27. Qe2 fxg4 28. Rd7 (28. Qxg4 h5 29. Qe4 Rfe8) (28. hxg4 Bxb4 29. f3 Rfe8 $11) 28... Rce8 (28... Rfe8 29. Rxa7 (29. Qxg4 h5 $18) 29... gxh3 30. gxh3 Bf6) 29. Re1 ({Weaker is} 29. Rxa7 gxh3 30. Qe5 (30. gxh3 Bxb4 31. Rxf7 Rxe2 $16) (30. Re1 Qd5 $16) 30... Qf6 $16) ({Stronger than} 29. hxg4 Bxb4 30. Qd3 (30. Rxf7 Rxe2 31. Rxa7 Bc5 $11) 30... Re7 31. Rxe7 Bxe7 $14) 29... Bxb4 30. Rxf7 Kxf7 31. Qc4+ {[%emt 0:00:02] Weighted Error Value: White=0.18 (very precise) /Black=0.67} 1-0

[Event "CCT Airthings Masters Play-In 2023"]
[Site "Online"]
[Date "2023.02.03"]
[Round "5"]
[White "Baku_Boulevard"]
[Black "Sanan_Sjugirov"]
[Result "1-0"]
[ECO "C77"]
[WhiteElo "2669"]
[BlackElo "2548"]
[Annotator "TA"]
[PlyCount "99"]
[EventDate "2023.02.03"]
[EventType "swiss"]
[EventCountry "NET"]
[SourceTitle "playchess.com"]
[Source "ChessBase"]
[SourceQuality "1"]
[TimeControl "600+2"]

1. e4 e5 2. Nf3 Nc6 3. Bb5 a6 4. Ba4 Nf6 5. Nc3 Bc5 6. d3 {[%emt 0:00:04] C77: Ruy Lopez: 3...a6 4 Ba4 Nf6, unusual lines.} d6 7. Bg5 {[%emt 0:00:06] 7.Bxc6+ might become the main line.} h6 8. Bh4 {[%emt 0:00:02] The position is equal.} Bd7 {[%emt 0:00:14] [#]} 9. a3 $146 ({Predecessor:} 9. Qd2 Bb4 10. a3 Ba5 11. b4 Nxb4 12. axb4 Bxb4 13. Bxd7+ Qxd7 14. Rb1 a5 15. O-O c5 16. Ne1 a4 17. Bxf6 gxf6 18. Rxb4 cxb4 19. Nd5 Qb5 {1-0 Schoenbuchner,G (968)-Cipka,I (1367) LSS RN-2009-0-00224}) 9... g5 10. Bg3 Ba7 11. Bb3 Bg4 12. h3 Bh5 13. h4 Bxf3 14. Qxf3 {[%emt 0:00:21] Black must now prevent hxg5.} (14. gxf3 $5 Nh5 15. f4 Nxf4 16. Bxf4 gxf4 17. Bxf7+ {[%mdl 64] Decoy} Kxf7 18. Qh5+ Kf8 19. Qf5+ Ke8 20. Qh5+ Kf8 21. Qf5+ Ke8 22. Qh5+ Kf8 $11) 14... Nd4 15. Qd1 Nxb3 16. cxb3 {[%emt 0:00:00] hxg5 would be deadly.} g4 17. h5 Qd7 18. Rc1 (18. b4 $11) 18... c6 19. b4 Qe6 20. Qd2 d5 21. exd5 Nxd5 22. Nxd5 Qxd5 23. Qe2 Bd4 ({Better is} 23... O-O-O $1 $17 {...f5 is the strong threat.} 24. Qxg4+ Rd7) 24. O-O (24. Qxg4 $11 {deserves consideration.} Ke7 25. Rc2) 24... f5 $2 {[%emt 0:00:43] [#]} (24... O-O-O $15 25. Qxg4+ Kb8) 25. Bxe5 $1 $16 Qxe5 (25... Bxe5 $2 26. Rc5 O-O-O 27. Rxd5 (27. Qxe5 Qxe5 28. Rxe5 f4 $16) 27... Rxd5 28. g3 $18) (25... O-O 26. Bxd4) 26. Qxe5+ Bxe5 27. Rfe1 O-O 28. Rxe5 {[%emt 0:00:01][%mdl 4096] Endgame KRR-KRR} Rad8 29. Rce1 Rxd3 (29... Kg7 $142) 30. Re6 Rfd8 {[%emt 0:00:28] [#]} (30... Rf7 $16) 31. R1e5 ({White should try} 31. Rg6+ $1 $18 Kf8 32. Rf6+ (32. Rxh6 R3d6 $16) 32... Kg7 33. Rg6+ (33. Rxf5 R8d7 $16) 33... Kf8 34. Rf6+ (34. Rxh6 R3d6 $16) 34... Kg8 35. Rg6+ (35. Rxf5 g3 $16) (35. Rxh6 Rd1 $16) 35... Kf8) 31... R8d5 32. Rg6+ Kf7 33. Ree6 f4 (33... Rd1+ $2 34. Kh2 $18) 34. Rgf6+ (34. Rxh6 Rd1+ 35. Kh2 Rxh5+ 36. Rxh5 Kxe6 $11) 34... Kg7 {[%emt 0:00:00] ( -> ...Rd1+)} 35. Rxf4 {[%emt 0:00:08] Strongly threatening Rg6+.} Rxh5 (35... Rd1+ $16 {keeps fighting.} 36. Kh2 Rxh5+ 37. Kg3 Rd3+ 38. Re3 Rxe3+ 39. fxe3 Rb5) 36. g3 (36. Rxg4+ $6 Kf7 37. Re1 Rf5 $16) 36... Rd1+ 37. Kg2 Rg5 (37... Rd7 {is a better defense.}) 38. Re7+ $18 Kg6 39. Rfe4 Rd2 40. R4e6+ Kh5 41. Rf6 {[%emt 0:00:07] Inhibits Rf5.} ({Not} 41. Rxb7 Rf5 42. Kf1 (42. Rxc6 $2 {leads to mate.} Rdxf2+ 43. Kh1 Rf1+ 44. Kh2 R5f2#) 42... Rdxf2+ 43. Ke1 Rf1+ 44. Ke2 R5f2+ 45. Kd3 Rf3+ 46. Kd4 Rd1+ 47. Kc4 Rxg3 $11) 41... Rxb2 42. Ree6 $2 (42. Rxb7 $18 {[%cal Ob7c7] Threatens to win with Rc7!} Rg6 43. Rxg6 Kxg6 44. Rb6) 42... Rg7 $11 43. Rf4 Rb3 44. a4 Ra3 45. a5 Rb3 46. Re1 Rd3 47. Re5+ Rg5 48. Re7 Rb5 (48... c5 $11 {and Black is okay.}) 49. Rg7 $18 {[%emt 0:00:02][%mdl 1024] White has strong compensation.} Rd6 $2 (49... Rg5 $18 50. Rxb7 Ra3) 50. Rfxg4 {[%emt 0:00:06] Weighted Error Value: White=0.17 (very precise) /Black=0.43} ({Weaker is} 50. Rgxg4 Rf6 $16) 1-0